 Dungeon Crawl Stone Soup version 0.28.0-43-g3370ac3207 (webtiles) character file.

Game seed: 2418683981656598763

2277 Zeld the Thaumaturge (level 9, -8/45 HPs)
             Began as a Deep Elf Fire Elementalist on Mar 14, 2022.
             Was a Priest of Vehumet.
             Mangled by an orc warrior
             ... wielding a +0 flail
              (14 damage)
             ... on level 6 of the Dungeon.
             The game lasted 00:11:04 (10379 turns).

Zeld the Thaumaturge (Deep Elf Fire Elementalist)  Turns: 10379, Time: 00:11:04

Health: -8/45      AC:  4    Str: 13    XL:     9   Next: 16%
Magic:  29/33      EV: 14    Int: 25    God:    Vehumet [***...]
Gold:   363        SH:  0    Dex: 15    Spells: 20/27 levels left

rFire   . . .      SeeInvis .   (no weapon)
rCold   + . .      Faith    .   (no shield)
rNeg    . . .      Spirit   .   a - +0 robe
rPois   .          Reflect  .   o - +0 helmet
rElec   +          Harm     .   e - +0 cloak
rCorr   .          Rampage  .   (no gloves)
Will    +....                   (no boots)
Stlth   +++.......              (no amulet)
HPRegen 0.15/turn               c - ring of magical power
MPRegen 0.23/turn               F - ring of Hucavano {*Corrode rElec rC+ Will+ Str+8}

@: no status effects
A: no striking features
a: Renounce Religion


You were on level 6 of the Dungeon.
You worshipped Vehumet.
Vehumet was most pleased with you.
You visited 2 branches of the dungeon, and saw 8 of its levels.
You also visited: Ossuary.

You collected 363 gold pieces.

Inventory:

Armour
 a - a +0 robe (worn)
 e - a +0 cloak (worn)
 o - a +0 helmet (worn)
Jewellery
 c - a ring of magical power (left hand)
 n - a ring of protection from cold
 F - the ring of Hucavano (right hand) {*Corrode rElec rC+ Will+ Str+8}
   (You found it on level 7 of the Dungeon)

   [ring of protection from cold]

   Str:       It affects your strength (+8).
   rC:        It protects you from cold.
   rElec:     It insulates you from electricity.
   *Corrode:  It may corrode you when you take damage.
   Will:      It increases your willpower.
Wands
 h - a wand of flame (11)
 p - a wand of mindburst (17)
 q - a wand of iceblast (16)
 t - a wand of paralysis (3)
 v - a wand of polymorph (13)
Scrolls
 d - a scroll of fear
 j - a scroll of magic mapping
 l - 3 scrolls of enchant armour
 m - 4 scrolls of amnesia
 r - 3 scrolls of teleportation
 s - a scroll of blinking {unknown}
 x - 2 scrolls of torment {unknown}
 y - 4 scrolls of brand weapon {unknown}
 D - a scroll of immolation {unknown}
 E - a scroll of identify
Potions
 b - 3 potions of curing {unknown}
 f - 2 potions of mutation {unknown}
 g - 3 potions of degeneration {unknown}
 i - a potion of resistance {unknown}
 k - a potion of heal wounds {unknown}
 u - 3 potions of invisibility {unknown}
 w - 3 potions of magic {unknown}
 z - a potion of brilliance {unknown}
 A - 2 potions of haste {unknown}
 B - a potion of lignification {unknown}
 C - a potion of flight {unknown}


   Skills:
 - Level 5.0 Dodging
 - Level 6.0 Stealth
 * Level 9.7 Spellcasting
 + Level 5.2 Conjurations
 * Level 8.1 Fire Magic


You had 20 spell levels left.
You knew the following spells:

 Your Spells              Type           Power      Damage    Failure   Level
a - Foxfire               Conj/Fire      100%       2x1d9     1%          1
b - Scorch                Fire           100%       2d10      1%          2
c - Flame Wave            Conj/Fire      45%        2d10      1%          4

Your spell library contained the following spells:

 Spells                   Type           Power      Damage    Failure   Level
 Ignite Poison            Fire/Tmut/Pois 25%        N/A       1%          3
 Magic Dart               Conj           100%       1d8       1%          1
 Searing Ray              Conj           76%        2d7       1%          2
 Conjure Flame            Conj/Fire      45%        6-21      1%          3
 Inner Flame              Hex/Fire       32%        N/A       1%          3
 Fulminant Prism          Conj/Hex       12%        3d9       4%          4
 Airstrike                Air            6%         N/A       13%         4
 Lightning Bolt           Conj/Air       12%        1d26      13%         5
 Summon Lightning Spire   Summ/Air       12%        N/A       45%         4


Dungeon Overview and Level Annotations

Branches:
Dungeon (7/15)             Temple (1/1) D:4         Ossuary (visited)

Altars:
Ashenzari
Cheibriados
Elyvilon
Fedhas
Gozag
Hepliaklqana
Nemelex Xobeh
Okawaru
Qazlal
Ru
Uskayaw
Vehumet
Wu Jian
Xom
Yredelemnul
The Shining One

Shops:
D:4 [


Message History

You have 363 gold pieces.
There is a stone staircase leading down here.
You climb downwards.
An orc wizard comes into view. It is wielding a +0 dagger.
There is a stone staircase leading up here.
An orc wizard is nearby!
An orc wizard is nearby!
A necrophage comes into view.
The orc wizard casts a spell at you. The puff of flame hits you!
The orc wizard mumbles some strange words.
The orc wizard flickers and vanishes!
Deactivating autopickup; reactivate with Ctrl-A.
Casting: Scorch (safe; 1% risk of failure)
Confirm with . or Enter, or press ? or * to list all spells.
Flames lash the orc warrior.
The orc warrior is moderately wounded.
The orc warrior's fire resistance burns away.
The orc shouts!
The orc warrior completely misses you.
There is a stone staircase leading up here.
The orc warrior hits you with a +0 flail!!
You climb upwards.
Reactivating autopickup.
There is a stone staircase leading down here.
Casting: Scorch (safe; 1% risk of failure)
Confirm with . or Enter, or press ? or * to list all spells.
Flames lash the orc warrior but do no damage.
The orc warrior is no longer more vulnerable to fire.
The orc warrior hits you with a +0 flail.
Unknown command.
Casting: Scorch (safe; 1% risk of failure)
Confirm with . or Enter, or press ? or * to list all spells.
Flames lash the orc warrior.
The orc warrior is heavily wounded.
The orc warrior's fire resistance burns away.
The orc warrior hits you with a +0 flail!
* * * LOW HITPOINT WARNING * * *
The orc warrior hits you with a +0 flail!
You die...

##### ##### ##### #...#
#...# #...# #...# #...#
#...# #...# #...# #...#
#...#
#...#####...######...####
#...'...@o..'....'...'.†.
#...#####...######...#...
###...# #.### #####.##
###.# #.############.##
#.# #................
####'#######.....####.##
#.......# #......'......
#.......# #......####.#.
#.......# #...^..# #...


You could see an orc warrior (combustible).

Vanquished Creatures
  A wraith (D:6)
  Edmund (D:6)
  Menkaure (Ossuary)
  2 sky beasts
  An ogre (D:4)
  A centaur (D:7)
  A phantom (D:6)
  2 kobold brigands
  3 bullfrogs
  A gnoll sergeant (D:6)
  A scorpion (D:6)
  A water moccasin skeleton (D:6)
  2 howler monkeys
  3 jellies
  A centaur zombie (D:7)
  3 hounds
  2 orc priests
  2 iguanas
  5 orc wizards
  A hound skeleton (D:4)
  3 mummies (Ossuary)
  Robin (D:2)
  2 howler monkey zombies
  10 adders
  10 gnolls
  A howler monkey skeleton (D:4)
  2 shadow imps
  17 orcs
  5 endoplasms
  5 giant cockroaches
  3 gnoll zombies (Ossuary)
  9 goblins (D:2)
  10 hobgoblins
  2 jackals (D:2)
  16 kobolds
  4 quokkas
  4 ball pythons
  6 bats
  2 frilled lizards
  A gnoll skeleton (Ossuary)
  6 goblin skeletons (Ossuary)
  8 goblin zombies (Ossuary)
  7 hobgoblin skeletons (Ossuary)
  5 hobgoblin zombies (Ossuary)
  A kobold skeleton (Ossuary)
  2 kobold zombies (Ossuary)
  3 orc skeletons (Ossuary)
  3 orc zombies (Ossuary)
  5 rats
  7 rat skeletons (Ossuary)
  6 rat zombies
201 creatures vanquished.

Vanquished Creatures (others)
  345 foxfires
  9 plants
354 creatures vanquished.

Grand Total: 555 creatures vanquished

Notes
Turn   | Place    | Note
-------+----------+-------------------------------------------
     0 | D:1      | Zeld the Deep Elf Fire Elementalist began the quest for the
                  | Orb.
     0 | D:1      | Reached XP level 1. HP: 10/10 MP: 6/6
   378 | D:1      | Reached XP level 2. HP: 3/15 MP: 6/8
   616 | D:1      | Learned a level 2 spell: Scorch
  1048 | D:2      | Found a broken altar of Ashenzari.
  1400 | D:2      | Reached XP level 3. HP: 19/19 MP: 10/10
  1403 | D:2      | Reached skill level 4 in Spellcasting
  1686 | D:2      | Noticed Robin
  1700 | D:2      | Killed Robin
  1701 | D:2      | Reached XP level 4. HP: 17/24 MP: 12/12
  2655 | D:3      | Reached XP level 5. HP: 28/28 MP: 8/14
  2660 | D:3      | Learned a level 4 spell: Flame Wave
  2740 | D:3      | Found a faded altar of an unknown god.
  2799 | D:3      | Noticed a sky beast
  3003 | D:3      | Killed a sky beast
  3004 | D:3      | Reached skill level 5 in Spellcasting
  3284 | D:3      | Reached XP level 6. HP: 32/32 MP: 15/15
  4160 | D:4      | Found Beilopiy's Antique Armour Shop.
  4268 | D:4      | Reached skill level 5 in Fire Magic
  4613 | D:4      | Found a staircase to the Ecumenical Temple.
  4871 | Temple   | Entered the Ecumenical Temple
  4888 | Temple   | Became a worshipper of Vehumet
  5103 | D:4      | Reached skill level 6 in Spellcasting
  5408 | D:5      | Entered Level 5 of the Dungeon
  5430 | D:5      | Reached XP level 7. HP: 36/36 MP: 18/18
  5549 | D:5      | Found a blossoming altar of Fedhas.
  5741 | D:5      | Found a shimmering altar of Xom.
  6412 | D:6      | Noticed Edmund
  6999 | D:6      | Reached * piety under Vehumet
  6999 | D:6      | Offered knowledge of Sandblast by Vehumet.
  7000 | D:6      | Reached skill level 7 in Spellcasting
  7176 | D:6      | Reached skill level 5 in Stealth
  7176 | D:6      | Reached XP level 8. HP: 37/41 MP: 21/21
  7571 | D:6      | Killed Edmund
  7572 | D:6      | Reached skill level 5 in Dodging
  7661 | D:6      | Reached skill level 8 in Spellcasting
  8387 | D:7      | Found a sand-covered staircase.
  8421 | Ossuary  | Entered an ossuary
  8448 | Ossuary  | Reached ** piety under Vehumet
  8463 | Ossuary  | Offered knowledge of Shock by Vehumet.
  8943 | Ossuary  | Offered knowledge of Ignite Poison by Vehumet.
  9011 | Ossuary  | Reached *** piety under Vehumet
  9012 | Ossuary  | Reached skill level 9 in Spellcasting
  9088 | Ossuary  | Noticed Menkaure
  9101 | Ossuary  | Killed Menkaure
  9698 | D:7      | Reached XP level 9. HP: 18/45 MP: 24/24
 10013 | D:7      | Found an iron altar of Okawaru.
 10017 | D:7      | Reached skill level 5 in Conjurations
 10330 | D:7      | Identified the ring of Hucavano {*Corrode rElec rC+ Will+
                  | Str+8}
 10379 | D:6      | Mangled by an orc warrior

Illustrated notes

Levels and vault maps discovered:
D:1:      minmay_arrival_diagonal_passages, layout_rooms, st_stairs_10,
          hex_intersection
D:2:      layout_loops_corners, serial_co_window_serial, co_window_paths_a,
          co_window_corner_a, co_window_of_opportunity_a, co_window_corner_a,
          co_window_paths_a, co_window_paths_a, co_window_broadway_a,
          co_window_broadway_b, co_window_unsneaky_path_a, co_window_broadway_a,
          co_window_unsneaky_path_d, glass_columns_b, glass_columns_a,
          glass_columns_c, basic_altar, minmay_pentomino_w2, uniq_robin
D:3:      layout_basic, basic_ecumenical_altar
D:4:      layout_basic, minmay_temple_entry_fiery, nicolae_stop_n_shop_2,
          chequers_serial_rivers_micro_b
D:5:      layout_basic, fedhas_ov_isle_minmay,
          mainiacjoe_overflow_small_starburst
D:6:      layout_basic, minmay_misc_feat_rows, grunt_ministairs_2, uniq_edmund
D:7:      layout_rooms, lemuel_round_altar, gammafunk_temple_overflow_forgotten,
          enter_ossuary_4, minmay_misc_feat_alley
Temple:   cyrus_circular_temple

Skill      XL: |  1  2  3  4  5  6  7  8  9 |
---------------+----------------------------+-----
Stealth        | 3 4 5 6 |  6.0
Spellcasting   | 4 5 6 7 9 |  9.7
Dodging        | 3 4 5 |  5.0
Fire Magic     | 4 5 6 7 8 |  8.1
Conjurations   | 2 3 4 5 |  5.2

Action                   |  1- 3 |  4- 6 |  7- 9 || total
-------------------------+-------+-------+-------++-------
Melee: Unarmed           |     4 |     2 |       ||     6
 Cast: Foxfire           |    52 |    95 |    63 ||   210
       Scorch            |    11 |    37 |   162 ||   210
Evoke: Wand              |       |       |     1 ||     1
  Use: Scroll            |       |       |     8 ||     8
Armor: Robe              |     9 |    10 |    10 ||    29
Dodge: Dodged            |    26 |    34 |    33 ||    93
